 Dungeon Crawl Stone Soup version 0.31.0-9-g3a7656b989 (webtiles) character file.

Game seed: 17519461344652152140

21 Killerpretzel the Ducker (level 2, 13/13 HPs)
             Began as a Felid Air Elementalist on Feb 3, 2024.
             Quit the game on level 1 of the Dungeon.
             The game lasted 00:01:24 (400 turns).

Killerpretzel the Ducker (Felid Air Elementalist)    Turns: 400, Time: 00:01:24

Health: 13/13      AC:  1    Str:  4    XL:     2   Next: 62%
Magic:  6/6        EV: 17    Int: 18    God:
Gold:   13         SH:  0    Dex: 16    Spells: 2/5 levels left
                                        Lives:  0   Deaths: 1

rFire   . . .        (weapon unavailable)
rCold   . . .        (shield unavailable)
rNeg    . . .        (body armour unavailable)
rPois   .            (helmet unavailable)
rElec   .            (cloak unavailable)
rCorr   .            (gloves unavailable)
SInv    +            (boots unavailable)
Will    .....        (no amulet)
Stlth   ++           (no ring)
HPRegen 0.22/turn    (no ring)
MPRegen 0.10/turn

%: no passive effects
@: no status effects
A: very small, claws 1, fangs 3, see invisible, shaggy fur 1, stealthy paws, no
weapons or thrown items, no armour, multi-lived
a: no special abilities


You were on level 1 of the Dungeon.
You visited 1 branch of the dungeon, and saw 1 of its levels.

You collected 13 gold pieces.

Inventory:

Potions
 a - a potion of magic
 b - a potion of heal wounds {unknown}


   Skills:
 + Level 3.1 Dodging
 - Level 2.6 Stealth
 + Level 2.2 Spellcasting
 + Level 1.2 Conjurations
 * Level 3.1 Air Magic


You had 2 spell levels left.
You knew the following spells:

 Your Spells              Type           Power      Damage    Failure   Level
a - Shock                 Conj/Air       36%        1d5       7%          1
b - Static Discharge      Conj/Air       18%        3-4/arc   11%         2

Your spell library contained the following spells:

 Spells                   Type           Power      Damage    Failure   Level
 Swiftness                Air            13%        N/A       14%         3
 Airstrike                Air            6%         2d(1-17)  43%         4


Dungeon Overview and Level Annotations

Branches:
Dungeon (1/15)

Altars:


Innate Abilities, Weirdness & Mutations

You have sharp claws.
You have razor-sharp teeth.
You have supernaturally acute eyesight. (SInv)
You are covered in fur. (AC +1)
Your paws help you pounce on unaware monsters.
You are incapable of wielding weapons or throwing items.
You cannot wear armour.
You gain extra lives every three experience levels.


Message History

The ball python attacks as it pursues you!
The ball python bites you.
* * * LOW HITPOINT WARNING * * *
The ball python grabs you. The ball python constricts you.
You escape the ball python's grasp.
The ball python attacks as it pursues you!
The ball python closely misses you. The ball python completely misses you.
The ball python closely misses you. The ball python grabs you.
The ball python constricts you.
* * * LOW HITPOINT WARNING * * *
You escape the ball python's grasp.
The ball python attacks as it pursues you!
The ball python closely misses you. The ball python grabs you.
The ball python constricts you.
* * * LOW HITPOINT WARNING * * *
You escape the ball python's grasp.
The ball python attacks as it pursues you!
The ball python misses you. x2
The ball python attacks as it pursues you!
The ball python misses you. The ball python grabs you.
The ball python constricts you.
Casting: Static Discharge (safe; 11% risk of failure)
Confirm with . or Enter, or press ? or * to list all spells.
Aiming: Shock (safe; 8% risk of failure)
Press: ? - help, Shift-Dir - straight line The zap hits the ball python.
The ball python is heavily wounded.
The zap hits the ball python.
You kill the ball python!
Casting: Shock (safe; 8% risk of failure)
Confirm with . or Enter, or press ? or * to list all spells.
The jackal is struck by an arc of lightning.
The jackal is almost dead.
You are struck by an arc of lightning.
You die...
The jackal is struck by an arc of lightning.
You kill the jackal!
The lightning grounds out.
You rejoin the land of the living...
Are you sure you want to abandon this character and quit the game? (Confirm with "yes".)

.# . ... .#. #. ...
.. .. #.#..##.#
.#..#
#.#..##.###.#..##.
#.#...............
#####.##.##...@.#
#...#.##.##.....#
#...#.##.##.....#
#...#.##.##.....#
#...#....##.....#
###...#.......###.#
..#...#.......# .#
..............# ##
..#####.##.##.###


There were no monsters in sight!

Vanquished Creatures
  2 ball pythons (D:1)
  A bat (D:1)
  3 endoplasms (D:1)
  2 goblins (D:1)
  2 hobgoblins (D:1)
  4 jackals (D:1)
  A quokka (D:1)
15 creatures vanquished.

Notes
Turn   | Place    | Note
-------+----------+-------------------------------------------
     0 | D:1      | Killerpretzel the Felid Air Elementalist began the quest
                  | for the Orb.
     0 | D:1      | Reached XP level 1. HP: 9/9 MP: 4/4
    85 | D:1      | Reached skill level 1 in Conjurations
   151 | D:1      | Reached XP level 2. HP: 6/13 MP: 0/6
   154 | D:1      | Learned a level 2 spell: Static Discharge
   399 | D:1      | Killed from afar by themself
   399 | D:1      | Lost a life (0 lives remaining)
   400 | D:1      | Quit the game

Illustrated notes

Levels and vault maps discovered:
D:1:      dpeg_arrival_tiny_c, layout_basic

Skill      XL: |  1  2 |
---------------+-------+-----
Conjurations   | 1 |  1.2
Dodging        | 3 |  3.1
Air Magic      | 3 |  3.1
Stealth        | |  2.6
Spellcasting   | |  2.2

Action                     || total
---------------------------++-------
  Melee: Unarmed           ||     7
         Bite              ||     2
   Cast: Shock             ||    19
         Static Discharge  ||     7
    Use: Potion            ||     1
 Armour: Skin              ||    12
  Dodge: Dodged            ||    27
